Map: Arctic Dream LE

Players

qqq - Winner!

  • Race: Protoss Protoss
  • Spawn Location: 12:00

Massa - Winner!

  • Race: Terran Terran
  • Spawn Location: 11:00

TeaDrinker

  • Race: Terran Terran
  • Spawn Location: 5:00

blood

  • Race: Protoss Protoss
  • Spawn Location: 6:00

VOD

Have the link to the VOD?

Description

Time

  • Played on: June 12, 2020, 10:50 a.m.
  • Length: 5:40
Show
View Real Time Build Order
Export as new Build Order

qqq Protoss - Winner!

Build Orders:  

Get SALT Encoding   

  12  0:02  Probe  
  13  0:15  Pylon  
  13  0:19  Probe  
  14  0:34  Gateway  
  14  0:43  Probe  
  15  0:55  Probe  
  16  0:57  Assimilator  
  16  1:27  Probe  
  17  1:35  Cybernetics Core  
  17  1:39  Probe  
  18  1:51  Probe  
  19  2:02  Assimilator  
  19  2:03  Probe  
  20  2:11  Nexus  
  20  2:44  Pylon, Robotics Facility  
  19  2:54  Robotics Facility  
  19  2:59  Probe  
  20  3:11  Probe  
  21  3:23  Probe, Stalker  
  21  3:26  Probe  
  25  3:35  Probe, Immortal  
  25  3:36  Probe  
  31  3:44  Probe  
  32  3:53  Probe  
  32  3:56  Immortal  
  37  4:05  Probe  
  38  4:14  Immortal  
  42  4:17  Probe  
  42  4:18  Pylon  
  43  4:31  Pylon  
  43  4:36  Immortal  
  47  4:46  Probe, Pylon  
  48  4:58  Probe  
  49  5:10  Probe  
  58  5:22  Probe  
Show
View Real Time Build Order
Export as new Build Order

Massa Terran - Winner!

Build Orders:  

Get SALT Encoding   

  12  0:13  SCV, Supply Depot  
  13  0:25  SCV  
  14  0:37  SCV  
  15  0:43  Barracks  
  15  0:49  SCV  
  16  1:01  SCV  
  17  1:11  Barracks  
  17  1:13  Barracks  
  17  1:28  SCV  
  18  1:40  SCV  
  19  1:52  SCV  
  19  1:53  Marine  
  21  1:56  Barracks  
  21  2:00  Marine  
  21  2:01  Marine  
  23  2:06  Supply Depot  
  23  2:10  Refinery  
  23  2:27  Marine x3, Supply Depot  
  26  2:31  Supply Depot  
  26  2:44  Marine  
  26  2:45  Marine x3  
  30  3:02  Marine  
  31  3:06  Marine x3  
  34  3:16  Supply Depot  
  34  3:20  Marine  
  34  3:24  Orbital Command, Marine x2  
  34  3:26  Marine  
  38  3:38  Marine  
  39  3:42  Marine x2  
  39  3:44  Marine  
  42  3:55  Marine  
  42  3:59  Marine  
  44  4:10  Factory  
  44  4:23  Engineering Bay  
  44  4:28  SCV  
  44  4:30  Command Center  
  45  4:40  SCV  
  47  4:52  SCV  
  47  5:04  SCV  
Show
View Real Time Build Order
Export as new Build Order

TeaDrinker Terran 

Build Orders:  

Get SALT Encoding   

  12  0:02  SCV  
  13  0:18  SCV  
  13  0:21  Supply Depot  
  14  0:26  Refinery  
  14  0:30  SCV  
  16  0:42  SCV  
  16  0:48  Barracks  
  16  0:54  SCV  
  17  1:04  Engineering Bay  
  17  1:07  SCV  
  18  1:21  SCV  
  18  1:42  Marine  
  19  1:48  Terran Infantry Weapons Level 1  
  19  1:55  Refinery, Orbital Command  
  19  2:03  Barracks Reactor  
  19  2:23  SCV  
  19  2:24  Command Center  
  20  2:39  Supply Depot  
  20  2:47  SCV  
  20  2:50  Factory  
  21  2:59  SCV  
  22  3:11  SCV  
  22  3:12  Marine x2  
  24  3:23  SCV  
  25  3:31  Factory  
  25  3:34  Factory Tech Lab  
  25  3:35  SCV  
  25  3:38  Marine x2  
  28  3:43  SCV  
  29  3:55  SCV  
  30  3:56  Marine x2  
  32  4:07  SCV, Armory  
  33  4:13  Marine  
  33  4:14  Marine  
  33  4:16  Cyclone  
  38  4:19  SCV  
  39  4:29  SCV  
  40  4:31  SCV, Marine x2  
  43  4:41  SCV  
  43  4:43  SCV  
  45  4:47  Starport  
  45  4:49  Marine  
  46  4:54  Sensor Tower  
  46  4:55  Factory Tech Lab  
  46  5:06  Supply Depot  
  46  5:07  Supply Depot  
  46  5:08  Supply Depot  
  46  5:22  SCV, Marine x2  
Show
View Real Time Build Order
Export as new Build Order

blood Protoss 

Build Orders:  

Get SALT Encoding   

  12  0:00  Probe  
  13  0:08  Probe  
  14  0:18  Probe  
  15  0:27  Pylon  
  15  0:45  Probe  
  16  0:57  Probe  
  16  1:00  Gateway  
  17  1:24  Pylon  
  17  1:39  Assimilator  
  17  1:43  Assimilator  
  17  2:04  Zealot  
  17  2:05  Probe  
  19  2:13  Probe  
  20  2:16  Cybernetics Core  
  21  2:22  Probe  
  22  2:35  Probe  
  23  2:56  Nexus  
  23  3:01  Forge  
  23  3:06  Pylon  
  23  3:13  Probe  
  24  3:21  Probe  
  25  3:31  Probe  
  26  3:39  Assimilator  
  26  3:41  Assimilator  
  26  3:43  Probe  
  27  3:52  Stargate  
  27  3:55  Probe  
  28  4:11  Probe  
  28  4:13  Stargate  
  29  4:19  Probe  
  30  4:27  Probe  
  30  4:29  Probe  
  31  4:36  Probe  
  32  4:38  Probe  
  34  4:45  Probe  
  34  4:46  Probe  
  37  4:56  Pylon  
  37  4:57  Probe  
  38  5:17  Probe x2  
Tags
 
Add a new tag
Caveats
  • Supply blocks, unpowered buildings, or Contaminate may cause inaccurate times.
  • Supply counts are checked every 10 seconds.